 Dungeon Crawl Stone Soup version 0.30.1-3-gfc49f6343a (webtiles) character file.

Game seed: 12786774750359330853

368 cheesebisquit the Ruffian (level 6, -4/61 HPs)
             Began as a Troll Fighter on July 23, 2023.
             Slain by a hornet (5 damage)
             ... on level 3 of the Dungeon.
             The game lasted 00:06:25 (2796 turns).

cheesebisquit the Ruffian (Troll Fighter)           Turns: 2796, Time: 00:06:26

Health: -4/61      AC:  4    Str: 25    XL:     6   Next: 41%
Magic:  5/5        EV:  9    Int:  6    God:
Gold:   94         SH:  8    Dex:  9    Spells: 5/5 levels left

rFire   . .          .
                       - Unarmed
rCold   . . .        b - +0 kite shield
rNeg    . . .        l - +0 animal skin
rPois   .            (helmet restricted)
rElec   .            j - scarf {shadows}
rCorr   .            (gloves unavailable)
SInv    .            (boots unavailable)
Will    .....        (no amulet)
Stlth   +            (no ring)
HPRegen 1.10/turn    (no ring)
MPRegen 0.09/turn

%: no passive effects
@: mighty, lethally poisoned (-4 -> -4)
A: large, unfitting armour, claws 3, regeneration 1, shaggy fur 1, tough skin 1
a: no special abilities


You were on level 3 of the Dungeon.
You visited 1 branch of the dungeon, and saw 4 of its levels.

You collected 94 gold pieces.

Inventory:

Hand Weapons
 k - a +2 dagger of venom
Missiles
 q - a poisoned dart
 r - 3 boomerangs (quivered)
Armour
 b - a +0 kite shield (worn)
 j - a scarf of shadows (worn)
 l - a +0 animal skin (worn)
Jewellery
 a - a ring of see invisible
 h - a ring of ice
Scrolls
 e - 2 scrolls of magic mapping {unknown}
 i - a scroll of blinking {unknown}
 n - a scroll of identify {unknown}
 s - a scroll of acquirement {unknown}
 t - 3 scrolls of amnesia {unknown}
Potions
 d - a potion of mutation {unknown}
 f - a potion of invisibility {unknown}
 g - a potion of heal wounds
 m - a potion of magic {unknown}
 o - a potion of curing {unknown}
 p - 2 potions of degeneration {unknown}


   Skills:
 + Level 3.6 Fighting
 - Level 2.4 Dodging
 + Level 4.0 Shields
 * Level 5.1 Unarmed Combat


You had 5 spell levels left.
You didn't know any spells.
Your spell library contained the following spells:

 Spells                   Type           Power      Damage    Failure   Level
 Summon Forest            Summ/Tloc      0%         N/A       100%        5
 Summon Mana Viper        Hex/Summ       0%         N/A       100%        5
 Summon Cactus Giant      Summ           0%         N/A       100%        6


Dungeon Overview and Level Annotations

Branches:
Dungeon (4/15)
 Temple: D:4-7

Altars:
Sif Muna


Innate Abilities, Weirdness & Mutations

You are too large for most types of armour.
You have claws for hands.
Your natural rate of healing is unusually fast.
You are covered in fur. (AC +1)
You have tough skin. (AC +1)


Message History

You scratch the ogre.
The ogre is severely wounded.
The ogre closely misses you.
You closely miss the ogre.
The ogre is severely wounded.
You claw the ogre!
The ogre is almost dead.
The ogre barely misses you.
You closely miss the ogre.
The ogre is almost dead.
The ogre barely misses you.
You claw the ogre!
You kill the ogre!
Your Shields skill increases to level 4!
Your Unarmed Combat skill increases to level 5!
You climb downwards.
The hornet buzzes angrily.
You block the gnoll's attack. x2
There is a stone staircase leading up, spattered with blood here.
You block the gnoll's attack. The gnoll barely misses you.
The hornet stings you.
You suddenly lose the ability to move!
You stop ascending the stairs.
The hornet stings you.
You are poisoned.
You shrug off the repeated paralysis!
The gnoll hits you but does no damage. The gnoll hits you with a +0 flail!
You feel sick. The hornet completely misses you.
The gnoll hits you but does no damage. The hornet stings you.
You shrug off the repeated paralysis!
You can move again.
You feel sick. You block the hornet's attack.
The gnoll hits you with a +0 club. The gnoll hits you with a +0 flail!
* * * LOW HITPOINT WARNING * * *
You climb upwards.
You feel sick.
There is a stone staircase leading down here.
Okay, then.
You feel sick. The gnoll hits you with a +0 flail!
* * * LOW HITPOINT WARNING * * *
The hornet stings you.
You die...

#..#####.# #...# ##'## #..# #.#
#...# ##...#### ##..### #.# ##.##
##.....#.. ##.....# #.# #..##
##........#
##....#.###.####...####.........#
......................'.........+
##..........####g).####.........#
##.##.###### #gy## ##........#
####.# #@## ##<....#.# #.# #.#
##...##.. #.# #.# ##'##### #.#
#.##### #.# ## #.# #..)).#
##.##### .# #.# #####)# #.......
.# #.# #.#####...###. .#####.#
#.#........... .......#
#..........#..


You could see a hornet and 2 gnolls.

Vanquished Creatures
  An ogre (D:3)
  An orc priest (D:3)
  Jessica (D:3)
  An orc wizard (D:3)
  Robin (D:2)
  7 gnolls (D:3)
  3 adders
  A worm (D:3)
  A dart slug (D:3)
  6 orcs (D:3)
  6 bats
  5 endoplasms
  2 giant cockroaches
  19 goblins
  5 hobgoblins
  7 jackals
  9 kobolds
  A quokka (D:3)
  10 ball pythons
  2 frilled lizards (D:1)
  6 rats
95 creatures vanquished.

Notes
Turn   | Place    | Note
-------+----------+-------------------------------------------
     0 | D:1      | cheesebisquit the Troll Fighter began the quest for the
                  | Orb.
     0 | D:1      | Reached XP level 1. HP: 22/22 MP: 0/0
   124 | D:1      | Reached XP level 2. HP: 29/29 MP: 1/1
   351 | D:1      | Reached XP level 3. HP: 36/36 MP: 2/2
   654 | D:1      | Reached skill level 3 in Unarmed Combat
   805 | D:2      | Noticed Robin
   832 | D:2      | Killed Robin
   970 | D:2      | Reached XP level 4. HP: 34/44 MP: 3/3
  1287 | D:2      | You fall into a shaft and drop 1 floor!
  1854 | D:3      | Reached skill level 4 in Unarmed Combat
  1854 | D:3      | Reached XP level 5. HP: 50/53 MP: 4/4
  2027 | D:3      | Noticed Jessica
  2214 | D:3      | Killed Jessica
  2231 | D:3      | Found a shimmering blue altar of Sif Muna.
  2563 | D:3      | Reached XP level 6. HP: 38/61 MP: 5/5
  2789 | D:3      | Reached skill level 5 in Unarmed Combat
  2790 | D:4      | Noticed a hornet
  2791 | D:4      | Paralysed by a hornet for 3 turns
  2796 | D:3      | HP: 1/61 [gnoll/+0 flail (11)]
  2796 | D:3      | Slain by a hornet

Illustrated notes

Levels and vault maps discovered:
D:1:      spicycebolla_arrival_xxxplode, layout_basic
D:2:      layout_basic, uniq_robin
D:3:      layout_loops_corners, tgw_sif
D:4:      layout_rooms, uniq_blork_the_orc

Skill      XL: |  1  2  3  4  5  6 |
---------------+-------------------+-----
Shields        | 3 4 |  4.0
Unarmed Combat | 3 4 5 |  5.1
Fighting       | 3 |  3.6
Dodging        | |  2.4

Action                     |  1- 3 |  4- 6 || total
---------------------------+-------+-------++-------
  Melee: Unarmed           |   140 |   125 ||   265
  Throw: Dart              |       |     6 ||     6
    Use: Potion            |     1 |     1 ||     2
   Stab: Sleeping          |     2 |       ||     2
 Armour: Robe              |    46 |       ||    46
         Animal skin       |     3 |    23 ||    26
  Dodge: Dodged            |    48 |    49 ||    97
  Block: Kite shield       |    46 |    51 ||    97
